 Dungeon Crawl Stone Soup version 0.16.1-51-g6203257 (webtiles) character file.

259 teebee the Skirmisher (level 6, -2/58 HPs)
             Began as a Hill Orc Fighter on Aug 11, 2015.
             Slain by a killer bee (5 damage)
             ... on level 8 of the Dungeon.
             The game lasted 00:09:47 (2970 turns).

teebee the Skirmisher (Hill Orc Fighter)            Turns: 2970, Time: 00:09:47

Health: -2/58      AC:  6    Str: 20    XL:     6   Next: 17%
Magic:  6/6        EV:  9    Int:  8    God:
Gold:   182        SH:  0    Dex: 11    Spells: 0 memorised, 5 levels left

rFire  . . .     SeeInvis .     a - +0 long sword
rCold  . . .     Clarity  .     b - +0 scale mail
rNeg   . . .     SustAb   .     (no shield)
rPois  .         Gourm    .     (no helmet)
rElec  .         Spirit   .     (no cloak)
rCorr  .         Warding  .     (no gloves)
rMut   .         Stasis   .     (no boots)
MR     .....                    (no amulet)
Stlth  ..........               (no ring)
                                (no ring)

@: lethally poisoned (-2 -> -22), not resistant to hostile enchantments,
extremely unstealthy
A: no striking features
a: no special abilities


You were on level 8 of the Dungeon.
You were not hungry.

You visited 1 branch of the dungeon, and saw 7 of its levels.

You collected 182 gold pieces.

Inventory:

Hand weapons
 a - a +0 long sword (weapon)
 h - a +0 short sword of speed
 k - a +1 hunting sling of evasion
 l - a cursed -2 spear
 m - a +2 quarterstaff of draining
 q - a +1 vampiric dagger
Missiles
 j - 26 arrows
Armour
 b - a +0 scale mail (worn)
 c - a +0 shield
 r - a +0 pair of gloves
 s - a +0 chain mail
Jewellery
 i - an uncursed ring of poison resistance {unknown}
 p - an uncursed ring of protection from cold {unknown}
 t - an uncursed ring of fire {unknown}
Magical devices
 x - a wand of fire (4)
Scrolls
 e - a scroll of fear
 n - a scroll of fog {unknown}
 u - 2 scrolls of remove curse
 w - a scroll of enchant armour {unknown}
Potions
 v - a potion of cancellation {unknown}
Comestibles
 d - 3 meat rations
 f - 2 chunks of flesh
 g - 5 bread rations
 o - 7 fruits


   Skills:
 * Level 6.4 Fighting
 * Level 4.8 Long Blades
 - Level 3.2 Armour
 - Level 0.1 Dodging
 - Level 3.2 Shields


You had 5 spell levels left.
You didn't know any spells.

Dungeon Overview and Level Annotations

Branches:
Dungeon (9/15)
 Temple: D:4-7         Lair: D:8-11         Orc: D:9-12

Altars:
Fedhas
Kikubaaqudgha
Qazlal
Sif Muna
Zin
The Shining One


Message History

You are more poisoned.
The killer bee poisons you!
You climb upwards.
You feel sick.
There is a stone staircase leading down here.
You feel sick. The killer bee stings you. The killer bee stings you.
You feel sick. The killer bee stings you.
* * * LOW HITPOINT WARNING * * *
You are lethally poisoned!
The killer bee poisons you!
* * * LOW HITPOINT WARNING * * *
You feel sick.
The killer bee stings you but does no damage.
* * * LOW HITPOINT WARNING * * *
You feel sick. The killer bee stings you!
* * * LOW HITPOINT WARNING * * *
You are more poisoned.
The killer bee poisons you!
* * * LOW HITPOINT WARNING * * *
You feel sick. The killer bee stings you.
You die...

.... ..# ..###.## ###
......... ..# .#.##.##
#.# .#.##.# #.# ......#
#.# ##.######### #.#
...........# #@#
.###..####.#####y#
......##.......#.######
.........o............#
.<...........o........##
.............>....##...#
....#..........#.##..#.#
....#.##.......#.##....#
....#.##.......#.##.#.##


You could see a killer bee.

Vanquished Creatures
  An ogre (D:8)
  A worker ant (D:7)
  3 adders
  2 giant mites
  2 worms (D:3)
  4 giant geckos
  6 orcs
  12 bats
  2 giant cockroaches
  6 hobgoblins
  4 jackals
  6 kobolds
  6 quokkas
  2 ball pythons
  3 giant newts
  11 goblins
  A quokka skeleton (D:8)
  13 rats
85 creatures vanquished.

Notes
Turn   | Place    | Note
--------------------------------------------------------------
     0 | D:1      | teebee, the Hill Orc Fighter, began the quest for the Orb.
     0 | D:1      | Reached XP level 1. HP: 19/19 MP: 1/1
   198 | D:1      | Reached skill level 4 in Fighting
   198 | D:1      | Reached XP level 2. HP: 22/27 MP: 2/2
   805 | D:2      | Reached XP level 3. HP: 29/33 MP: 3/3
   811 | D:2      | Found an ancient bone altar of Kikubaaqudgha.
   865 | D:2      | Found a glowing golden altar of the Shining One.
  1502 | D:2      | Reached XP level 4. HP: 38/41 MP: 4/4
  1779 | D:3      | Reached skill level 5 in Fighting
  2262 | D:3      | Found a deep blue altar of Sif Muna.
  2369 | D:4      | Reached XP level 5. HP: 46/48 MP: 5/5
  2486 | D:4      | Found a stormy altar of Qazlal.
  2568 | D:4      | Found a blossoming altar of Fedhas.
  2664 | D:4      | You fall through a shaft for 3 floors!
  2776 | D:7      | Found a glowing silver altar of Zin.
  2923 | D:8      | Noticed an ogre
  2925 | D:8      | Killed an ogre
  2925 | D:8      | Reached skill level 6 in Fighting
  2925 | D:8      | Reached XP level 6. HP: 31/58 MP: 6/6
  2926 | D:8      | Noticed an orc warrior
  2926 | D:8      | Noticed an ice beast
  2970 | D:8      | Slain by a killer bee

Action                   |  1- 3 |  4- 6 || total
-------------------------+-------+-------++-------
Melee: Long sword        |   142 |   170 ||   312
Evoke: Wand              |       |     2 ||     2
  Use: Scroll            |     1 |     3 ||     4
       Potion            |       |     6 ||     6
  Eat: Chunk             |     2 |     5 ||     7
